Map: White Rabbit LE

Players

HoldTheDoor - Winner!

  • Race: Protoss Protoss
  • League: Diamond
  • Spawn Location: 1:00

woxie

  • Race: Zerg Zerg
  • League: Diamond
  • Spawn Location: 7:00

VOD

Have the link to the VOD?

Description

Time

  • Played on: May 13, 2026, 12:09 p.m.
  • Length: 6:06
Show
View Real Time Build Order
Export as new Build Order

HoldTheDoor Protoss - Winner!

Build Orders:  

Get SALT Encoding   

  12  0:00  Probe  
  13  0:12  Probe  
  14  0:18  Pylon  
  14  0:24  Probe  
  15  0:36  Probe  
  15  0:39  Gateway  
  16  0:48  Probe  
  17  0:50  Assimilator  
  17  1:00  Probe  
  17  1:04  Forge  
  18  1:13  Probe  
  19  1:25  Probe  
  20  1:35  Cybernetics Core  
  20  1:37  Zealot  
  22  1:43  Photon Cannon  
  22  1:47  Probe  
  23  2:10  Warp Gate  
  23  2:13  Nexus  
  23  2:26  Pylon  
  23  2:34  Gateway  
  23  2:41  Stalker  
  23  2:44  Probe  
  26  2:50  Robotics Facility  
  26  2:56  Probe  
  27  3:08  Stalker, Probe  
  30  3:20  Probe  
  30  3:24  Probe  
  32  3:29  Warp Prism  
  32  3:32  Probe  
  33  3:36  Probe  
  36  3:44  Probe  
  37  3:49  Gateway  
  37  3:51  Gateway  
  37  3:57  Gateway  
  37  3:59  Gateway  
  37  4:02  Probe  
  38  4:03  Probe  
  39  4:24  Gateway x2  
  39  4:26  Stalker x2  
  43  4:39  Pylon  
  43  4:42  Pylon  
  43  4:51  Stalker  
  45  5:00  Stalker  
  45  5:01  Stalker x2  
  45  5:02  Stalker  
  45  5:04  Zealot  
  53  5:15  Zealot x2  
  57  5:23  Zealot  
  57  5:24  Zealot  
  61  5:31  Pylon  
  61  5:35  Pylon  
  61  5:38  Pylon  
  61  5:53  Zealot x4  
  61  5:54  Zealot x3  
Show
View Real Time Build Order
Export as new Build Order

woxie Zerg 

Build Orders: Pool First 

Get SALT Encoding   

  12  0:17  Spawning Pool  
  11  0:22  Drone  
  11  0:26  Drone  
  13  0:30  Drone  
  14  0:40  Overlord  
  14  1:11  Hatchery  
  13  1:25  Zergling x6  
  16  1:44  Drone  
  17  1:47  Extractor  
  16  1:55  Drone  
  16  2:01  Drone  
  18  2:03  Queen  
  20  2:15  Drone  
  21  2:20  Overlord  
  21  2:22  Queen  
  23  2:25  Drone  
  24  2:35  Drone x2  
  26  2:45  Drone x2  
  28  2:55  Drone  
  28  2:56  Drone  
  30  3:11  Hatchery  
  29  3:13  Drone  
  29  3:14  Drone x2  
  29  3:17  Metabolic Boost  
  29  3:19  Drone  
  33  3:28  Drone  
  33  3:29  Drone x2  
  36  3:44  Overlord  
  36  3:51  Spore Crawler  
  36  3:52  Drone  
  36  3:53  Spore Crawler, Drone  
  36  3:59  Extractor  
  35  4:10  Drone x2  
  35  4:11  Drone x2  
  35  4:15  Overlord, Spore Crawler  
  38  4:22  Overlord  
  38  4:25  Lair  
  38  4:34  Spore Crawler  
  37  4:40  Drone x3  
  37  4:41  Queen x2  
  44  4:58  Zergling x6, Drone  
  44  4:59  Drone x3  
  52  5:00  Drone  
  52  5:12  Extractor, Drone  
  52  5:17  Queen  
  54  5:24  Hydralisk Den  
  54  5:25  Zergling x6  
  56  5:35  Overlord  
Tags
 
Matchup
PvZ
Opening
Pool First
Replay Pack
SC2Mai2026
Spawn Locations
Cross Positions
Add a new tag
Caveats
  • Supply blocks, unpowered buildings, or Contaminate may cause inaccurate times.
  • Supply counts are checked every 10 seconds.